 Dungeon Crawl Stone Soup version 0.29-a0-824-gd827844252 (webtiles) character file.

Game seed: 7417170080427947273

6521 Mesmaeker13 the Thaumaturge (level 11, -4/65 HPs)
             Began as a Djinni Fire Elementalist on July 9, 2022.
             Was a High Priest of Elyvilon.
             Slain by Sonja
             ... wielding a +0 short sword of distortion
              (6 damage)
             ... on level 11 of the Dungeon.
             The game lasted 00:24:21 (14587 turns).

Mesmaeker13 the Thaumaturge (DjFE)                 Turns: 14587, Time: 00:24:21

Health: -4/65      AC: 13    Str:  7    XL:     11   Next: 20%
Gold:   569        EV: 11    Int: 25    God:    Elyvilon [*****.] SH:  0 Dex: 13

rFire   + + +      SeeInvis +   E - +6 whip "Nidian" {elec, rElec Int+3}
rCold   . . .      Faith    .   (no shield)
rNeg    . . .      Spirit   .   c - +2 ring mail {rC+}
rPois   ∞          Reflect  .   l - +1 helmet
rElec   +          Harm     .   w - +1 cloak
rCorr   .          Rampage  .   (no gloves)
Will    +....                   (boots unavailable)
Stlth   +.........              (no amulet)
HPRegen 0.20/turn               s - ring of see invisible
MPRegen 0.00/turn               z - ring of protection from fire

@: flying, slowed, very slow
A: sickness immunity, fire resistance 2, cold vulnerability 1, float, innate
caster, HP casting, extra vitality 1
a: Renounce Religion, Purification, Heal Other, Heal Self, Divine Vigour


You were on level 11 of the Dungeon.
You worshipped Elyvilon.
Elyvilon was extremely pleased with you.
You visited 2 branches of the dungeon, and saw 12 of its levels.
You also visited: Sewer and Ossuary.

You collected 569 gold pieces.

Inventory:

Hand Weapons
 A - a +3 spear
 C - a +3 trident
 E - the +6 whip "Nidian" (weapon) {elec, rElec Int+3}
   (You found it on level 8 of the Dungeon)

   It occasionally discharges a powerful burst of electricity upon striking a
   foe.
   Int:       It affects your intelligence (+3).
   rElec:     It insulates you from electricity.
Missiles
 m - 6 javelins
Armour
 a - a +0 robe
 c - a +2 ring mail of cold resistance (worn)
 l - a +1 helmet (worn)
 w - a +1 cloak (worn)
Magical Staves
 i - a staff of air
Jewellery
 s - a ring of see invisible (left hand)
 z - a ring of protection from fire (right hand)
 B - a ring of ice
Wands
 g - a wand of iceblast (11)
 h - a wand of digging (5)
 t - a wand of charming (21)
 F - a wand of quicksilver (3)
 J - a wand of polymorph (4)
Scrolls
 d - 4 scrolls of teleportation
 e - 4 scrolls of magic mapping
 k - a scroll of poison
 n - 3 scrolls of immolation
 o - a scroll of blinking
 p - a scroll of fog
 q - 4 scrolls of torment
 u - a scroll of enchant armour
 v - 2 scrolls of enchant weapon
 y - 3 scrolls of vulnerability
 G - 2 scrolls of fear
 K - a scroll of noise
Potions
 f - 3 potions of berserk rage {unknown}
 j - a potion of haste
 r - a potion of lignification {unknown}
 x - a potion of mutation
 D - a potion of cancellation {unknown}
 H - a potion of curing
 I - a potion of heal wounds
 L - a potion of attraction {unknown}


   Skills:
 + Level 6.7 Armour
 - Level 6.0 Dodging
 - Level 1.5 Stealth
 * Level 9.7 Spellcasting
 + Level 6.8 Invocations


You had 2 spell levels left.
You knew the following spells:

 Your Spells              Type           Power      Damage    Failure   Level
a - Foxfire               Conj/Fire      100%       2x1d9     1%          1
b - Scorch                Fire           100%       2d10      1%          2
c - Conjure Flame         Conj/Fire      57%        6-21      1%          3
d - Inner Flame           Hex/Fire       57%        N/A       1%          3
e - Flame Wave            Conj/Fire      57%        2d11      2%          4
f - Shock                 Conj/Air       100%       1d9       1%          1
g - Searing Ray           Conj           100%       2d8       1%          2
h - Wereblood             Tmut           57%        N/A       1%          2
i - Cause Fear            Hex            28%        N/A       2%          4
j - Fireball              Conj/Fire      28%        3d12      8%          5
Your spell library was empty.

Dungeon Overview and Level Annotations

Branches:
Dungeon (11/15)            Temple (1/1) D:4           Sewer (visited)
Ossuary (visited)
   Lair: D:8-11         Orc: D:9-12

Altars:
Ashenzari
Cheibriados
Dithmenos
Elyvilon
Fedhas
Gozag
Hepliaklqana
Makhleb
Nemelex Xobeh
Okawaru
Qazlal
Ru
Trog
Uskayaw
Wu Jian
Xom
Yredelemnul
Zin
The Shining One

Shops:
D:4 *

Portals:
Trove: D:10 (give 13 potions of heal wounds)

Annotations:
D:5 3 exclusions
D:10 1 runed translucent door, MirrMurr's ghost, journeyman KoBe
D:11 Sonja


Innate Abilities, Weirdness & Mutations

You are immune to sickness and miasma.
You are immune to poison.
Your flesh is very heat resistant. (rF++)
You are vulnerable to cold. (rC-)
You float through the air rather than walking.
You learn spells naturally, not from books.
Your magical power is your life essence.
You have superior vitality. (+4 MHP)


Message History

The wraith is severely damaged.
The wraith is no longer more vulnerable to fire.
The wraith hits you but does no damage. x2
The searing ray hits the wraith but does no damage.
The wraith is severely damaged.
You finish channelling your searing ray.
The wraith hits you but does no damage. The wraith attacks as you move away!
The wraith closely misses you. The wraith hits you but does no damage.
Aiming: Charm
Press: ? - help, Shift-Dir - straight line, f/p - wraith
Aim: a wraith (severely damaged, chance to affect: 17%)
Okay, then.
The wraith hits you.
You see here 26 poisoned darts.
The two-headed ogre attacks as you move away!
The two-headed ogre barely misses you.
The two-headed ogre hits you with a +0 dire flail.
You feel yourself speed up. The wraith hits you. The wraith drains your vigour!
You feel yourself slow down. The wraith attacks as you move away!
The wraith barely misses you. The two-headed ogre closely misses you.
The two-headed ogre barely misses you. The wraith hits you but does no damage.
As you read the scroll of teleportation, it crumbles to dust.
You feel strangely unstable. The wraith hits you but does no damage.
The two-headed ogre hits you with a +0 giant club!!
* * * LOW HITPOINT WARNING * * *
The two-headed ogre hits you with a +0 dire flail!
* * * LOW HITPOINT WARNING * * *
The wraith attacks as you move away! The wraith barely misses you.
The wraith hits you but does no damage. The wraith attacks as you move away!
The wraith hits you but does no damage.
Your surroundings suddenly seem different.
Sonja, the Graceful Assassin comes into view.
She is wielding a +0 short sword of distortion, quivering curare-tipped darts and carrying a wand of polymorph (6).
Sonja shouts!
Sonja hits you with a +0 short sword of distortion.
* * * LOW HITPOINT WARNING * * *
Space warps around you.
You die...

#.......#
#.......#
#.......#
........#
........####++#
#............
#............
#....@K......
#........####
##########


You could see Sonja.

Vanquished Creatures
  A two-headed ogre (D:10)
  Joseph (D:10)
  2 hornets
  Sigmund (D:5)
  A vampire (D:10)
  2 wyverns (D:9)
  2 shadows
  A yak (D:8)
  2 steam dragons
  2 vampire mosquitoes (D:10)
  2 water moccasins (D:7)
  5 orc warriors
  2 ice beasts
  A sky beast (D:8)
  An ogre (D:4)
  A centaur (D:9)
  2 kobold brigands
  4 bullfrogs
  4 necrophages
  3 scorpions (D:5)
  10 killer bees (D:10)
  9 howler monkeys
  A centaur zombie (Ossuary)
  A jelly (D:7)
  2 hounds
  2 orc priests
  A gnoll bouda (D:10)
  3 iguanas (D:6)
  7 orc wizards
  11 gnolls
  12 adders
  2 river rats (Sewer)
  A shadow imp (D:7)
  A white imp (D:7)
  2 ufetubi (D:6)
  An adder zombie (Ossuary)
  A worm (D:2)
  31 orcs
  4 bats (Sewer)
  5 endoplasms
  3 giant cockroaches
  10 goblins
  6 hobgoblins
  5 jackals
  2 quokkas (D:2)
  12 ball pythons
  2 frilled lizards
  13 hobgoblin zombies (Ossuary)
  11 kobolds
  4 kobold zombies (Ossuary)
  3 orc zombies (Ossuary)
  10 rats
228 creatures vanquished.

Vanquished Creatures (collateral kills)
  2 yaks (D:8)
  An iguana (D:7)
  An orc (D:7)
4 creatures vanquished.

Vanquished Creatures (others)
  A yak (D:8)
  657 foxfires
  16 plants
674 creatures vanquished.

Grand Total: 906 creatures vanquished

Notes
Turn   | Place    | Note
-------+----------+-------------------------------------------
     0 | D:1      | Mesmaeker13 the Djinni Fire Elementalist began the quest
                  | for the Orb.
     0 | D:1      | Mesmaeker13 set off with the following spells memorised:
                  | Foxfire, Scorch, Conjure Flame, Inner Flame, Flame Wave.
     0 | D:1      | Reached XP level 1. HP: 15/15 MP: 0/0
   292 | D:1      | Reached XP level 2. HP: 17/21 MP: 0/0
   634 | D:1      | Found a faded altar of an unknown god.
  1016 | D:2      | Reached skill level 3 in Spellcasting
  1016 | D:2      | Reached XP level 3. HP: 24/25 MP: 0/0
  1016 | D:2      | Learned a level 1 spell: Shock
  1724 | D:2      | Reached XP level 4. HP: 26/31 MP: 0/0
  2560 | D:3      | Found a hide-covered altar of Uskayaw.
  2832 | D:3      | Reached XP level 5. HP: 30/35 MP: 0/0
  2832 | D:3      | Learned a level 2 spell: Searing Ray
  3555 | D:4      | Reached skill level 4 in Spellcasting
  3678 | D:4      | Reached XP level 6. HP: 30/40 MP: 0/0
  3692 | D:4      | Found Zin's Purification Station.
  3696 | D:4      | Found a glowing silver altar of Zin.
  3714 | D:4      | Found a sand-covered staircase.
  3720 | Ossuary  | Entered an ossuary
  4135 | Ossuary  | HP: 1/40 [centaur zombie (4)]
  4544 | D:4      | Found a staircase to the Ecumenical Temple.
  4603 | Temple   | Entered the Ecumenical Temple
  4657 | Temple   | Became a worshipper of Elyvilon the Healer
  4786 | D:4      | Noticed an ogre
  4796 | D:4      | Killed an ogre
  4895 | D:4      | Found a glowing golden altar of the Shining One.
  5015 | D:4      | Identified the +10 hand axe "Maon" {vamp, rElec Dex+4}
  5069 | D:4      | Reached XP level 7. HP: 42/45 MP: 0/0
  5069 | D:4      | Learned a level 2 spell: Wereblood
  5214 | D:5      | Entered Level 5 of the Dungeon
  5220 | D:5      | Reached skill level 5 in Spellcasting
  5491 | D:5      | Noticed Sigmund
  5518 | D:5      | Reached * piety under Elyvilon
  5765 | D:5      | Reached skill level 5 in Dodging
  6213 | D:6      | Reached XP level 8. HP: 47/50 MP: 0/0
  6414 | D:6      | Found a glowing drain.
  6452 | Sewer    | Entered a sewer
  6980 | Sewer    | Reached skill level 6 in Spellcasting
  7247 | D:6      | Found an ornate altar of the Wu Jian Council.
  7265 | D:6      | Reached ** piety under Elyvilon
  7530 | D:6      | Found an opulent altar of Gozag.
  7530 | D:6      | Found a bloodstained altar of Trog.
  7851 | D:5      | Killed Sigmund
  7852 | D:5      | Reached skill level 1 in Armour
  7852 | D:5      | Reached skill level 1 in Invocations
  7940 | D:5      | Found an iron altar of Okawaru.
  8466 | D:7      | Reached XP level 9. HP: 51/55 MP: 0/0
  8466 | D:7      | Learned a level 4 spell: Cause Fear
  8530 | D:7      | Reached skill level 7 in Spellcasting
  8754 | D:7      | Reached *** piety under Elyvilon
  8769 | D:7      | Found a blossoming altar of Fedhas.
  8852 | D:7      | Noticed a hornet
  8859 | D:7      | Killed a hornet
  9840 | D:8      | Identified the +6 whip "Nidian" {elec, rElec Int+3}
 10260 | D:8      | Reached skill level 8 in Spellcasting
 10260 | D:8      | Reached XP level 10. HP: 49/60 MP: 0/0
 10741 | D:9      | Reached skill level 5 in Invocations
 10898 | D:9      | Reached skill level 5 in Armour
 11919 | D:9      | Reached **** piety under Elyvilon
 12039 | D:10     | Entered Level 10 of the Dungeon
 12039 | D:10     | Noticed Joseph
 12039 | D:10     | Found a broken altar of Ashenzari.
 12303 | D:10     | Noticed MirrMurr's ghost (journeyman KoBe)
 12313 | D:10     | Found a runed translucent door.
 12335 | D:10     | Noticed a two-headed ogre
 12349 | D:10     | Killed a two-headed ogre
 12350 | D:10     | Reached skill level 9 in Spellcasting
 12439 | D:10     | Found a portal to a secret trove of treasure.
 12582 | D:10     | HP: 3/60 [Joseph/+0 quarterstaff (10)]
 12583 | D:10     | Killed Joseph
 12584 | D:10     | Reached XP level 11. HP: 3/65 MP: 0/0
 12584 | D:10     | Learned a level 5 spell: Fireball
 13412 | D:10     | Reached ***** piety under Elyvilon
 13471 | D:10     | Identified the +8 chain mail of Lust {+Inv Will+ Str-5
                  | Int+6}
 14200 | D:11     | Noticed a two-headed ogre
 14574 | D:11     | Noticed a two-headed ogre
 14587 | D:11     | Noticed Sonja
 14587 | D:11     | HP: 2/65 [Sonja/+0 short sword of distortion (3)]
 14587 | D:11     | Slain by Sonja

Illustrated notes

Levels and vault maps discovered:
D:1:      dpeg_arrival_radiant, layout_basic, ebering_ecumenical_altar_box
D:2:      layout_basic, minmay_fractal_squares_5
D:3:      layout_basic, lemuel_round_altar
D:4:      wander_river, layout_loops_corners, zin_purify,
          general_overflow_altar, minmay_temple_entry_ruins,
          nicolae_ossuary_entry_plus, sigmund_army
D:5:      layout_basic, okawaru_trees_2, uniq_sigmund
D:6:      layout_loops_cross, mainiacjoe_overflow_chevrons,
          gammafunk_temple_overflow_elements, gup_sewer_entry_glass
D:7:      layout_loops_ring, lemuel_doored_altar
D:8:      layout_gridville, nicolae_vehumet_radiance
D:9:      layout_basic, amethyst_killhole, due_unseen_surprise
D:10:     layout_irregular_city, overflow_temple_1_default,
          hellmonk_ghost_big_iron, enter_trove_1, minmay_misc_feat_doors,
          grunt_decor_junction, uniq_joseph
D:11:     layout_irregular_city, david_lair_shrubbed, bh_walls_and_bars,
          uniq_sonja, uniq_urug
Temple:   nicolae_temple_ecumenical_triangle

Skill      XL: |  1  2  3  4  5  6  7  8  9 10 |
---------------+-------------------------------+-----
Spellcasting   | 3 4 5 6 8 9 |  9.7
Dodging        | 3 4 5 6 |  6.0
Armour         | 2 4 6 |  6.7
Invocations    | 2 4 6 |  6.8
Stealth        | |  1.5

Action                   |  1- 3 |  4- 6 |  7- 9 | 10-12 || total
-------------------------+-------+-------+-------+-------++-------
Melee: Whip              |       |       |     6 |     1 ||     7
 Cast: Foxfire           |    55 |    98 |   126 |    96 ||   375
       Scorch            |       |     8 |    32 |    26 ||    66
       Searing Ray       |       |       |     1 |     7 ||     8
       Inner Flame       |       |       |       |     7 ||     7
       Flame Wave        |       |       |       |     5 ||     5
       Cause Fear        |       |       |       |     3 ||     3
       Conjure Flame     |       |       |       |     1 ||     1
Evoke: Wand              |       |       |    10 |    11 ||    21
  Use: Scroll            |       |     6 |     4 |     8 ||    18
       Potion            |       |     4 |       |     1 ||     5
Armor: Robe              |     4 |    21 |     3 |       ||    28
       Ring mail         |       |       |    37 |    50 ||    87
Dodge: Dodged            |    13 |    51 |    65 |    74 ||   203

Table legend: (Time is in decaauts)
 A = Elapsed time spent in this place.
 B = Non-inter-level travel time spent in this place.
 C = Inter-level travel time spent in this place.
 D = Time resting spent in this place.
 E = Time spent auto-exploring this place.
 F = Levels seen in this place.
 G = Mean time per level.
                   A        B        C        D        E       F      G
               +--------+--------+--------+--------+--------+-----+--------+
         Total |  14592 |  13940 |    652 |   3566 |   8104 |  14 | 1042.3 |
       Dungeon |  13315 |  12671 |    644 |   3101 |   7702 |  11 | 1210.5 |
        Temple |     63 |     55 |      8 |      0 |     11 |   1 |   63.0 |
         Sewer |    790 |    790 |      0 |    314 |    348 |   1 |  790.0 |
       Ossuary |    422 |    422 |      0 |    151 |     43 |   1 |  422.0 |
               +--------+--------+--------+--------+--------+-----+--------+

Top non-repeatable levels by time:
    D:10: 2115 daAuts
     D:9: 1595 daAuts
     D:4: 1435 daAuts
     D:8: 1285 daAuts
     D:1: 1261 daAuts
     D:7: 1201 daAuts
     D:5: 1192 daAuts
     D:2: 1128 daAuts
     D:3: 1013 daAuts
     D:6: 934 daAuts
   Sewer: 790 daAuts
 Ossuary: 422 daAuts
    D:11: 151 daAuts
  Temple: 63 daAuts
